 Dungeon Crawl Stone Soup version 0.30-a0-364-gf6b3ef1049 (webtiles) character file.

Game seed: 10311093618161275699

133 RascalDebosk the Magician (level 5, -3/35 HPs)
             Began as a Djinni Earth Elementalist on Nov 14, 2022.
             Slain by a river rat (4 damage)
             ... on level 3 of the Dungeon.
             The game lasted 00:25:08 (2055 turns).

RascalDebosk the Magician (DjEE)                    Turns: 2055, Time: 00:25:09

Health: -3/35      AC:  3    Str:  7    XL:     5   Next: 40%
Gold:   100        EV: 11    Int: 19    God:
                   SH:  3    Dex: 13

rFire   + + +      SeeInvis .    s - +0 dagger
rCold   x . .      Faith    .    t - +0 buckler
rNeg    . . .      Spirit   .    a - +0 robe
rPois   ∞          Reflect  .    (no helmet)
rElec   .          Harm     .    (no cloak)
rCorr   .          Rampage  .    c - +0 pair of gloves
Will    +....                    (boots unavailable)
Stlth   ++........               (no amulet)
HPRegen 0.25/turn                v - ring of willpower
MPRegen 0.00/turn                r - ring of protection from fire

@: flying, very slightly contaminated
A: sickness immunity, fire resistance 2, cold vulnerability 1, float, innate
caster, HP casting, extra vitality 1
a: no special abilities


You were on level 3 of the Dungeon.
You visited 1 branch of the dungeon, and saw 3 of its levels.

You collected 100 gold pieces.

Inventory:

Hand Weapons
 s - a +0 dagger (weapon)
Armour
 a - a +0 robe (worn)
 c - a +0 pair of gloves (worn)
 t - a +0 buckler (worn)
Jewellery
 r - a ring of protection from fire (right hand)
 v - a ring of willpower (left hand)
Scrolls
 e - a scroll of noise {unknown}
 f - 5 scrolls of identify {unknown}
 g - a scroll of enchant weapon {unknown}
 l - a scroll of fear {unknown}
 p - a scroll of teleportation {unknown}
 q - 2 scrolls of immolation {unknown}
 u - a scroll of torment {unknown}
Potions
 b - a potion of flight {unknown}
 d - a potion of cancellation {unknown}
 h - a potion of heal wounds {unknown}
 i - a potion of mutation {unknown}
 j - a potion of resistance {unknown}
 k - a potion of degeneration {unknown}
 m - a potion of might {unknown}
 n - a potion of invisibility {unknown}
 o - 2 potions of brilliance {unknown}


   Skills:
 - Level 2.1 Dodging
 - Level 1.5 Stealth
 + Level 4.4 Spellcasting


You couldn't memorise any spells.
You knew the following spells:

 Your Spells              Type           Power      Damage    Failure   Level
a - Sandblast             Erth           42%        2d11      3%          1
b - Passwall              Tmut/Erth      17%        N/A       4%          2
c - Stone Arrow           Conj/Erth      42%        3d9       9%          3
d - Petrify               Tmut/Erth      21%        N/A       28%         4
e - Necrotise             Necr           84%        1d8       3%          1
f - Ensorcelled Hibernat  Hex/Ice        42%        N/A       4%          2
Your spell library was empty.

Dungeon Overview and Level Annotations

Branches:
Dungeon (3/15)

Altars:
Hepliaklqana

Annotations:
D:2 Robin


Innate Abilities, Weirdness & Mutations

You are immune to sickness and miasma.
You are immune to poison.
Your flesh is very heat resistant. (rF++)
You are vulnerable to cold. (rC-)
You float through the air rather than walking.
You learn spells naturally, not from books.
Your magical power is your life essence.
You have superior vitality. (+4 MHP)


Message History

The rat closely misses you. You block the river rat's attack.
The river rat barely misses you. The rat barely misses you.
Aiming: Sandblast (safe; 3% risk of failure)
Press: ? - help, Q - select action, (/) - cycle Shift-Dir - straight line, f/p - river rat
Aim: a river rat (81% to hit)
The blast of sand hits the river rat!
The river rat is almost dead.
The rat closely misses you. The river rat barely misses you.
Aiming: Sandblast (safe; 3% risk of failure)
Press: ? - help, Q - select action, (/) - cycle Shift-Dir - straight line, f/p - river rat
Aim: a river rat (almost dead, 81% to hit)
The blast of sand hits the river rat but does no damage.
The river rat is almost dead.
The rat bites you but does no damage. The river rat bites you.
You block the rat's attack. The river rat bites you.
* * * LOW HITPOINT WARNING * * *
Aiming: Sandblast (safe; 3% risk of failure)
Press: ? - help, Q - select action, (/) - cycle Shift-Dir - straight line, f/p - river rat
Aim: a river rat (almost dead, 81% to hit)
The blast of sand hits the river rat!
You kill the river rat!
* * * LOW HITPOINT WARNING * * *
The rat bites you but does no damage.
Aiming: Sandblast (safe; 3% risk of failure)
Press: ? - help, Q - select action, (/) - cycle Shift-Dir - straight line, f - rat
Aim: a rat (83% to hit)
The blast of sand hits the rat.
You kill the rat!
* * * LOW HITPOINT WARNING * * *
You start resting.
A river rat is nearby!
Aiming: Sandblast (safe; 3% risk of failure)
Press: ? - help, Q - select action, (/) - cycle Shift-Dir - straight line, f - river rat
Aim: a river rat (81% to hit)
The blast of sand hits the river rat.
The river rat is lightly wounded.
* * * LOW HITPOINT WARNING * * *
The river rat closely misses you. The river rat barely misses you.
You block the river rat's attack.
A river rat comes into view.
Aiming: Sandblast (safe; 3% risk of failure)
Press: ? - help, Q - select action, (/) - cycle Shift-Dir - straight line, f/p - river rat
Aim: a river rat (lightly wounded, 81% to hit)
The blast of sand hits the river rat.
The river rat is heavily wounded.
* * * LOW HITPOINT WARNING * * *
The river rat closely misses you. You block the river rat's attack.
Aiming: Sandblast (safe; 3% risk of failure)
Press: ? - help, Q - select action, (/) - cycle Shift-Dir - straight line, f/p - river rat
Aim: a river rat (moderately wounded, 81% to hit)
The blast of sand hits the river rat.
The river rat is almost dead.
* * * LOW HITPOINT WARNING * * *
The river rat closely misses you.
Aiming: Sandblast (safe; 3% risk of failure)
Press: ? - help, Q - select action, (/) - cycle Shift-Dir - straight line, f/p - river rat
Aim: a river rat (almost dead, 81% to hit)
The blast of sand hits the river rat.
You kill the river rat!
* * * LOW HITPOINT WARNING * * *
The river rat bites you!
* * * LOW HITPOINT WARNING * * *
Casting: Sandblast (safe; 3% risk of failure)
Confirm with . or Enter, or press ? or * to list all spells.
Aiming: Stone Arrow (dangerous; 9% risk of failure)
Press: ? - help, Shift-Dir - straight line, f - river rat
Aim: a river rat (68% to hit)
You miscast Stone Arrow.
You are very lightly contaminated with residual magic.
Nothing appears to happen.
* * * LOW HITPOINT WARNING * * *
The river rat bites you.
* * * LOW HITPOINT WARNING * * *
Casting: Stone Arrow (dangerous; 9% risk of failure)
Confirm with . or Enter, or press ? or * to list all spells.
Aiming: Sandblast (safe; 3% risk of failure)
Press: ? - help, Shift-Dir - straight line, f/p - river rat
Aim: a river rat (81% to hit)
The blast of sand hits the river rat.
The river rat is moderately wounded.
* * * LOW HITPOINT WARNING * * *
The river rat barely misses you.
Casting: Sandblast (safe; 3% risk of failure)
Confirm with . or Enter, or press ? or * to list all spells.
You don't have enough health to cast this spell.
You hit the river rat but do no damage.
The river rat is moderately wounded.
The river rat barely misses you.
You closely miss the river rat.
The river rat is moderately wounded.
The river rat bites you.
* * * LOW HITPOINT WARNING * * *
You barely miss the river rat.
The river rat is moderately wounded.
The river rat barely misses you.
You hit the river rat but do no damage.
The river rat is moderately wounded.
The river rat bites you.
You die...

#..######
##......#
######.###
#...#
###.#
#.†.##
#####.#..#
#........#
#:.....@~#
#...~.r~~#
#...~~~~~#
#..~~+##+#
#.~~~
#.~.~ #.~.
###


You could see a river rat.

Vanquished Creatures
  Jessica (D:2)
  An adder (D:2)
  2 river rats (D:3)
  3 worms
  2 dart slugs
  An orc (D:3)
  6 ball pythons
  4 bats
  5 endoplasms
  3 giant cockroaches
  6 goblins
  7 hobgoblins
  4 jackals (D:3)
  7 kobolds
  5 frilled lizards
  8 rats
  A spectral orc (D:3)
66 creatures vanquished.

Notes
Turn   | Place    | Note
-------+----------+-------------------------------------------
     0 | D:1      | RascalDebosk the Djinni Earth Elementalist began the quest
                  | for the Orb.
     0 | D:1      | RascalDebosk set off with the following spells memorised:
                  | Sandblast, Passwall, Stone Arrow, Petrify.
     0 | D:1      | Reached XP level 1. HP: 15/15 MP: 0/0
    45 | D:1      | Reached XP level 2. HP: 20/21 MP: 0/0
   197 | D:1      | Found a faded altar of an unknown god.
   492 | D:1      | Reached skill level 3 in Spellcasting
   933 | D:2      | Reached XP level 3. HP: 23/25 MP: 0/0
   933 | D:2      | Learned a level 1 spell: Necrotise
  1248 | D:2      | Noticed Jessica
  1252 | D:2      | Killed Jessica
  1253 | D:2      | Reached XP level 4. HP: 17/31 MP: 0/0
  1509 | D:2      | Reached skill level 4 in Spellcasting
  1616 | D:2      | Noticed Robin
  1863 | D:3      | Found a hazy altar of Hepliaklqana.
  1897 | D:3      | Reached XP level 5. HP: 30/35 MP: 0/0
  1897 | D:3      | Learned a level 2 spell: Ensorcelled Hibernation
  2053 | D:3      | HP: 1/35 [river rat (1)]
  2055 | D:3      | Slain by a river rat

Illustrated notes

Levels and vault maps discovered:
D:1:      eino_arrival_druids_welcome, layout_loops_ring,
          shapermc_ecumenical_altar_mp_vishouse
D:2:      layout_basic, kennysheep_generic_room_3, uniq_robin, uniq_jessica
D:3:      layout_basic, nicolae_hepliaklqana_monster_ancestors,
          portal_sewer_entry_e

Skill      XL: |  1  2  3  4 |
---------------+-------------+-----
Spellcasting   | 3 4 |  4.4
Dodging        | |  2.1
Stealth        | |  1.5

Action                   |  1- 3 |  4- 6 || total
-------------------------+-------+-------++-------
Melee: Dagger            |       |     4 ||     4
 Cast: Sandblast         |    33 |    57 ||    90
       Stone Arrow       |     1 |     1 ||     2
Armor: Robe              |     2 |    15 ||    17
Dodge: Dodged            |       |    36 ||    36
Block: Buckler           |       |    13 ||    13

Table legend: (Time is in decaauts)
 A = Elapsed time spent in this place.
 B = Non-inter-level travel time spent in this place.
 C = Inter-level travel time spent in this place.
 D = Time resting spent in this place.
 E = Time spent auto-exploring this place.
 F = Levels seen in this place.
 G = Mean time per level.
                   A        B        C        D        E       F      G
               +--------+--------+--------+--------+--------+-----+--------+
         Total |   2098 |   2009 |     89 |    150 |   1214 |   3 |  699.3 |
       Dungeon |   2098 |   2009 |     89 |    150 |   1214 |   3 |  699.3 |
               +--------+--------+--------+--------+--------+-----+--------+

Top non-repeatable levels by time:
     D:1: 939 daAuts
     D:2: 710 daAuts
     D:3: 448 daAuts
